 Dungeon Crawl Stone Soup version 0.31.0-32-g396128a36d (webtiles) character file.

Game seed: 8602759153450024653

977 unlimited1921 the Chopper (level 8, -8/66 (67) HPs)
             Began as a Gnoll Cinder Acolyte on Apr 4, 2024.
             Was an Initiate of Makhleb.
             Mangled by a fire elemental (10 damage)
             ... created by the fiery vengeance of Ignis
             ... on level 3 of the Dungeon.
             The game lasted 00:22:36 (8469 turns).

unlimited1921 the Chopper (Gnoll Cinder Acolyte)    Turns: 8469, Time: 00:22:36

HP:   -8/66 (67)    AC:  5    Str: 13    XL:     8   Next: 17%
MP:   14/14         EV: 11    Int: 17    God:    Makhleb [......]
Gold: 0             SH:  0    Dex:  7    Spells: 10/15 levels left

rFire   . . .        C - +0 dire flail (drain)
rCold   . . .        (shield currently unavailable)
rNeg    . . .        b - +0 troll leather armour {Pargi}
rPois   +            (no helmet)
rElec   .            A - +1 cloak {rPois}
rCorr   +            (no gloves)
SInv    .            (no boots)
Will    .....        (no amulet)
Stlth   ++           i - ring of resist corrosion
HPRegen 1.11/turn    (no ring)
MPRegen 0.14/turn

%: no passive effects
@: lightly drained, fire susceptible
A: fangs 1, strong nose, distributed training
a: Renounce Religion


You were on level 3 of the Dungeon.
You worshipped Makhleb.
Makhleb was noncommittal.
You visited 1 branch of the dungeon, and saw 5 of its levels.
You also visited: Sewer.

You collected 262 gold pieces.
You spent 262 gold pieces at shops.

Inventory:

Hand Weapons
 a - a -1 hand axe of flaming
 k - a +0 spear
 l - a +4 whip
 r - a +0 scythe
 x - a +1 short sword of holy wrath
 C - a +0 dire flail of draining (weapon)
Missiles
 o - 3 poisoned darts (quivered)
Armour
 b - a +0 troll leather armour (worn) {Pargi}
 t - +0 acid dragon scales
 A - a +1 cloak of poison resistance (worn)
 E - a +1 robe of fire resistance
Jewellery
 i - a ring of resist corrosion (left hand)
Scrolls
 e - a scroll of vulnerability {unknown}
 h - 3 scrolls of fear
 m - 2 scrolls of enchant weapon {unknown}
 n - a scroll of teleportation {unknown}
 u - 2 scrolls of fog {unknown}
 v - a scroll of poison {unknown}
 w - a scroll of blinking {unknown}
 y - 2 scrolls of acquirement {unknown}
 D - a scroll of revelation {unknown}
Potions
 c - a potion of brilliance
 f - a potion of berserk rage {unknown}
 g - a potion of might
 j - a potion of mutation
 p - a potion of heal wounds {unknown}
 q - a potion of haste {unknown}
 s - a potion of invisibility {unknown}
 z - a potion of enlightenment {unknown}


   Skills:
 + Level 7.3 Fighting
 + Level 3.1 Short Blades
 + Level 3.1 Long Blades
 + Level 7.3 Axes
 + Level 3.1 Maces & Flails
 + Level 3.1 Polearms
 + Level 3.1 Staves
 + Level 3.1 Ranged Weapons
 + Level 3.1 Throwing
 + Level 3.1 Armour
 + Level 3.1 Dodging
 + Level 3.1 Stealth
 + Level 3.1 Shields
 + Level 3.1 Unarmed Combat
 + Level 4.2 Spellcasting
 + Level 2.5 Conjurations
 + Level 2.5 Hexes
 + Level 2.5 Summonings
 + Level 2.5 Necromancy
 + Level 2.5 Translocations
 + Level 6.1 Fire Magic
 + Level 2.5 Ice Magic
 + Level 2.5 Air Magic
 + Level 2.5 Earth Magic
 + Level 2.5 Alchemy
 + Level 3.4 Invocations
 + Level 3.1 Evocations
 + Level 2.8 Shapeshifting


You had 10 spell levels left.
You knew the following spells:

 Your Spells              Type           Power      Damage    Failure   Level
a - Scorch                Fire           48%        2d7       2%          2
b - Stone Arrow           Conj/Erth      24%        3d8       21%         3

Your spell library contained the following spells:

 Spells                   Type           Power      Damage    Failure   Level
 Animate Armour           Summ/Erth      24%        N/A       56%         4
 Lehudib's Crystal Spear  Conj/Erth      6%         10d3      100%        8


Dungeon Overview and Level Annotations

Branches:
Dungeon (5/15)              Sewer (visited)
 Temple: D:4-7

Altars:
Makhleb
Trog
The Shining One

Shops:
D:4 [   D:5 [


Innate Abilities, Weirdness & Mutations

You have very sharp teeth.
Your uncanny sense of smell can sniff out nearby items.
Your experience applies equally to all skills.


Message History

You miss the fire elemental. Your bite misses the fire elemental.
The fire elemental is moderately damaged.
The fire elemental barely misses you.
The fire elemental completely misses you.
As you read the scroll of butterflies, it crumbles to dust.
You hear the flapping of tiny wings.
The fire elemental is knocked back by the sudden gust.
The fire elemental closely misses you.
You swap places.
The fire elemental hits your butterfly.
Your butterfly dies!
Your butterfly disappears in a burst of colours!
You swap places.
The fire elemental hits your butterfly.
Your butterfly dies!
Your butterfly disappears in a burst of colours!
Your butterfly is engulfed in blazing flames.
Your butterfly dies!
Your butterfly disappears in a burst of colours!
The fire elemental completely misses your butterfly.
You swap places.
The fire elemental hits you. The fire elemental burns you!
* * * LOW HITPOINT WARNING * * *
The fire elemental closely misses your butterfly.
The fire elemental barely misses you. Something barely misses your butterfly.
There is a stone staircase leading down here.
The fire elemental completely misses your butterfly.
Your butterfly is engulfed in blazing flames.
Your butterfly dies!
Your butterfly disappears in a burst of colours!
You swap places.
The fire elemental hits you. The fire elemental burns you!
* * * LOW HITPOINT WARNING * * *
The fire elemental barely misses you. The fire elemental hits your butterfly.
Your butterfly dies!
Your butterfly disappears in a burst of colours!
The fire elemental misses you. The fire elemental hits you.
The fire elemental burns you!
* * * LOW HITPOINT WARNING * * *
There is a stone staircase leading down here.
The fire elemental hits you. The fire elemental burns you!
You die...

..#+###....##...............####
...........##...............#
...........##...............#
...........##..............##
............###########....#
..#.######..####.#......####
..#.# #...b.#.E.####### ..#.#
#.###.#.E☼......# ..#.#
#......@###.##### ..#.#
#####.#.# #)#### ###.#
#.#.###..○.# #.# #.#..°E°##b#
#.# #...######.# #.# ####.# #b#
#.# #....# #.# #.# ####.# #.#
#.# ########.######.#


You could see 2 fire elementals.

Vanquished Creatures
  Sigmund (D:4)
  Edmund (D:5)
  Pargi (D:3)
  A crocodile (Sewer)
  A kobold brigand (Sewer)
  A jelly (Sewer)
  3 hounds (D:4)
  An orc priest (D:4)
  2 sleepcaps
  An iguana (D:3)
  2 orc wizards
  8 adders
  4 ribbon worms
  6 orcs
  4 bats
  3 endoplasms (D:1)
  8 giant cockroaches
  4 goblins
  8 hobgoblins
  10 jackals
  3 quokkas
  10 ball pythons
  A frilled lizard (D:1)
  8 kobolds
  9 rats
101 creatures vanquished.

Notes
Turn   | Place    | Note
-------+----------+-------------------------------------------
     0 | D:1      | unlimited1921 the Gnoll Cinder Acolyte began the quest for
                  | the Orb.
     0 | D:1      | Reached XP level 1. HP: 23/23 MP: 4/4
   226 | D:1      | Reached XP level 2. HP: 27/29 MP: 5/5
   765 | D:1      | Reached XP level 3. HP: 35/35 MP: 7/7
  1256 | D:2      | Found a bloodstained altar of Trog.
  1375 | D:2      | Reached skill level 1 in Invocations
  1802 | D:2      | Reached skill level 1 in Short Blades
  1802 | D:2      | Reached skill level 1 in Long Blades
  1802 | D:2      | Reached skill level 1 in Maces & Flails
  1802 | D:2      | Reached skill level 1 in Polearms
  1802 | D:2      | Reached skill level 1 in Staves
  1802 | D:2      | Reached skill level 1 in Ranged Weapons
  1802 | D:2      | Reached skill level 1 in Throwing
  1802 | D:2      | Reached skill level 1 in Armour
  1802 | D:2      | Reached skill level 1 in Dodging
  1802 | D:2      | Reached skill level 1 in Stealth
  1802 | D:2      | Reached skill level 1 in Shields
  1802 | D:2      | Reached skill level 1 in Unarmed Combat
  1802 | D:2      | Reached skill level 1 in Evocations
  2017 | D:2      | Reached skill level 1 in Shapeshifting
  2017 | D:2      | Reached XP level 4. HP: 39/41 MP: 8/8
  3178 | D:2      | Reached skill level 1 in Conjurations
  3178 | D:2      | Reached skill level 1 in Hexes
  3178 | D:2      | Reached skill level 1 in Summonings
  3178 | D:2      | Reached skill level 1 in Necromancy
  3178 | D:2      | Reached skill level 1 in Translocations
  3178 | D:2      | Reached skill level 1 in Ice Magic
  3178 | D:2      | Reached skill level 1 in Air Magic
  3178 | D:2      | Reached skill level 1 in Earth Magic
  3178 | D:2      | Reached skill level 1 in Alchemy
  4721 | D:3      | Found a glowing drain.
  4745 | D:3      | Noticed Pargi
  4749 | Sewer    | Entered a sewer
  4975 | Sewer    | Learned a level 2 spell: Scorch
  4981 | Sewer    | Noticed a kobold brigand
  4985 | Sewer    | Killed a kobold brigand
  4986 | Sewer    | Reached XP level 5. HP: 44/47 MP: 0/9
  5543 | Sewer    | Noticed a crocodile
  5549 | Sewer    | Killed a crocodile
  5550 | Sewer    | Reached XP level 6. HP: 40/53 MP: 1/11
  5924 | D:3      | Killed Pargi
  6444 | D:3      | Reached XP level 7. HP: 58/59 MP: 12/12
  6724 | D:4      | Found a burning altar of Makhleb.
  6736 | D:4      | Fell from the grace of Ignis
  6736 | D:4      | Became a worshipper of Makhleb the Destroyer
  6802 | D:4      | Found a glowing golden altar of the Shining One.
  6846 | D:4      | Found Tunlaucw's Armour Emporium.
  6849 | D:4      | Bought a +1 cloak of poison resistance for 135 gold pieces
  7277 | D:4      | Noticed a fire elemental
  7277 | D:4      | Noticed a fire elemental
  7277 | D:4      | Noticed a fire elemental
  7629 | D:4      | Noticed Sigmund
  7654 | D:4      | Killed Sigmund
  8204 | D:5      | Entered Level 5 of the Dungeon
  8204 | D:5      | Found Jujach's Armour Shop.
  8205 | D:5      | Noticed Edmund
  8228 | D:5      | Killed Edmund
  8229 | D:5      | Reached XP level 8. HP: 57/65 MP: 3/14
  8334 | D:4      | Bought a +1 robe of fire resistance for 127 gold pieces
  8409 | D:4      | Learned a level 3 spell: Stone Arrow
  8468 | D:3      | HP: 1/66 [fire elemental[the fiery vengeance of Ignis]
                  | (10)]
  8469 | D:3      | Mangled by a fire elemental

Illustrated notes

Levels and vault maps discovered:
D:1:      shiori_shiawase, layout_basic
D:2:      layout_basic, basic_altar, dreamdust_wishing_well
D:3:      layout_basic, portal_sewer_entry_a, uniq_pargi
D:4:      layout_gridville, lemuel_coloured_pillars_altar, lemuel_round_altar,
          serial_forest, infiniplex_forest_clump_curved,
          infiniplex_forest_lined_3, infiniplex_forest_end_1,
          infiniplex_forest_clump_diagonal, infiniplex_forest_lined_2,
          serial_shops, kennysheep_mini, uniq_sigmund
D:5:      layout_loops_corners, nicolae_ashenzari_skybound, serial_shops,
          nicolae_shop_stone, minmay_misc_feat_diagonals, uniq_pikel,
          uniq_grinder, uniq_edmund

Skill      XL: |  1  2  3  4  5  6  7 |
---------------+----------------------+-----
Invocations    | 1 2 3 |  3.4
Short Blades   | 1 2 3 |  3.1
Long Blades    | 1 2 3 |  3.1
Maces & Flails | 1 2 3 |  3.1
Polearms       | 1 2 3 |  3.1
Staves         | 1 2 3 |  3.1
Ranged Weapons | 1 2 3 |  3.1
Throwing       | 1 2 3 |  3.1
Armour         | 1 2 3 |  3.1
Dodging        | 1 2 3 |  3.1
Stealth        | 1 2 3 |  3.1
Shields        | 1 2 3 |  3.1
Unarmed Combat | 1 2 3 |  3.1
Evocations     | 1 2 3 |  3.1
Shapeshifting  | 1 2 |  2.8
Spellcasting   | 3 4 |  4.2
Conjurations   | 1 2 |  2.5
Hexes          | 1 2 |  2.5
Summonings     | 1 2 |  2.5
Necromancy     | 1 2 |  2.5
Translocations | 1 2 |  2.5
Ice Magic      | 1 2 |  2.5
Air Magic      | 1 2 |  2.5
Earth Magic    | 1 2 |  2.5
Alchemy        | 1 2 |  2.5
Fighting       | 7 |  7.3
Axes           | 7 |  7.3
Fire Magic     | 6 |  6.1

Action                     |  1- 3 |  4- 6 |  7- 9 || total
---------------------------+-------+-------+-------++-------
  Melee: Hand axe          |   125 |   175 |     8 ||   308
         Bite              |    10 |    17 |    17 ||    44
         Punch             |     1 |     3 |     4 ||     8
         Short sword       |       |       |    61 ||    61
         Halberd           |       |       |    32 ||    32
         Dire flail        |       |       |     8 ||     8
  Throw: Dart              |       |     3 |     6 ||     9
   Cast: Scorch            |       |    16 |    36 ||    52
    Use: Scroll            |       |     3 |     5 ||     8
   Stab: Sleeping          |       |     1 |     1 ||     2
 Armour: Robe              |    51 |       |       ||    51
         Leather armour    |    36 |    91 |       ||   127
         Troll leather arm |       |    15 |   128 ||   143
         Acid dragon scale |       |     2 |       ||     2
  Dodge: Dodged            |    65 |   120 |   101 ||   286
